 Dungeon Crawl Stone Soup version 0.27-a0-1299-g1ab19c6527 (webtiles) character file.

Game seed: 2372688900744785392

46746 SolCadguy the Destroyer (level 14, -1/88 HPs)
             Began as a Tengu Conjurer on June 16, 2021.
             Was an Elder of Vehumet.
             Slain by a sun demon (18 damage)
             ... in a volcano.
             The game lasted 02:04:57 (24378 turns).

SolCadguy the Destroyer (Tengu Conjurer)           Turns: 24378, Time: 02:04:57

Health: -1/88      AC: 12    Str: 15    XL:     14   Next: 38%
Magic:  8/31       EV: 21    Int: 22    God:    Vehumet [****..]
Gold:   1243       SH:  0    Dex: 19    Spells: 5/37 levels left

rFire    . . .     SeeInvis .   U - +4 quarterstaff (chaos)
rCold    . . .     Faith    .   (shield currently unavailable)
rNeg     . . .     Spirit   .   e - +0 acid dragon scales
rPois    .         Reflect  .   d - +2 hat
rElec    +         Harm     .   V - +0 cloak
rCorr    +         Rampage  .   h - +0 pair of gloves
Will     +....                  (boots unavailable)
Stlth    ++........             E - amulet of the Air {Inacc Air Fly rElec RMsl}
HPRegen  0.24/turn              I - +6 ring of dexterity
MPRegen  0.22/turn              X - +6 ring of strength

@: flying quickly and evasively, repel missiles, quick
A: beak, talons 3, nimble flight
a: Renounce Religion


You were in a volcano.
You worshipped Vehumet.
Vehumet was greatly pleased with you.
You visited 3 branches of the dungeon, and saw 18 of its levels.
You also visited: Volcano.

You collected 1265 gold pieces.
You spent 22 gold pieces at shops.

Inventory:

Hand Weapons
 m - a +2 whip of venom
 w - a +1 trident of venom
 U - a +4 quarterstaff of chaos (weapon)
Missiles
 c - 489 stones
 j - 65 poisoned darts (quivered)
 p - 5 boomerangs of dispersal
 M - 9 curare-tipped darts
Armour
 d - a +2 hat (worn)
 e - +0 acid dragon scales (worn)
 h - a +0 pair of gloves (worn)
 O - +0 steam dragon scales
 Q - a scarf of invisibility
 V - a +0 cloak (worn)
Jewellery
 a - an amulet of faith
 f - a ring of positive energy
 E - the amulet of the Air (around neck) {Inacc Air Fly rElec RMsl}
   (You found it on level 6 of the Dungeon)

   [amulet of nothing]

   It insulates you from electricity.
   It grants you flight.
   It protects you from missiles.
 G - an amulet of the acrobat
 I - a +6 ring of dexterity (left hand)
 X - a +6 ring of strength (right hand)
Wands
 C - a wand of flame (56)
 J - a wand of iceblast (30)
 K - a wand of digging (6)
 N - a wand of paralysis (11)
 P - a wand of polymorph (28)
Scrolls
 b - a scroll of enchant weapon
 g - 10 scrolls of teleportation
 k - a scroll of fog
 l - a scroll of amnesia
 q - 5 scrolls of identify
 r - a scroll of summoning {unknown}
 s - a scroll of enchant armour
 H - a scroll of blinking
 W - a scroll of holy word
Potions
 i - 3 potions of resistance
 n - 3 potions of haste
 o - 4 potions of curing
 t - a potion of might
 u - a potion of invisibility
 v - 2 potions of magic
 z - 3 potions of heal wounds
 A - 2 potions of brilliance
 D - 2 potions of cancellation


   Skills:
 - Level 10.0 Fighting
 - Level 2.1(5.4) Maces & Flails
 - Level 7.9(8.0) Staves
 + Level 7.2 Armour
 - Level 10.0 Dodging
 - Level 2.0 Stealth
 + Level 12.1 Spellcasting
 - Level 14.0 Conjurations
 - Level 2.6 Hexes
 - Level 2.3 Translocations
 - Level 1.1 Fire Magic
 - Level 1.3 Ice Magic
 - Level 7.1 Air Magic
 - Level 0.3 Poison Magic


You had 5 spell levels left.
You knew the following spells:

 Your Spells              Type           Power      Damage    Failure   Level
a - Magic Dart            Conj           100%       1d8       0%          1
b - Searing Ray           Conj           100%       3d7       1%          2
c - Dazzling Flash        Conj/Hex       98%        N/A       1%          3
d - Fulminant Prism       Conj/Hex       24%        3d13      1%          4
e - Freeze                Ice            76%        1d9       1%          1
f - Blink                 Tloc           N/A        N/A       3%          2
g - Mephitic Cloud        Conj/Pois/Air  61%        N/A       1%          3
h - Conjure Flame         Conj/Fire      46%        6-21      1%          3
i - Iskenderun's Mystic   Conj/Tloc      49%        2d11      1%          4
j - Lightning Bolt        Conj/Air       37%        1d55      1%          5
k - Airstrike             Air            30%        N/A       1%          4

Your spell library contained the following spells:

 Spells                   Type           Power      Damage    Failure   Level
 Ozocubu's Refrigeration  Ice            9%         4d6       99%         7
 Shock                    Conj/Air       100%       1d9       1%          1
 Static Discharge         Conj/Air       74%        N/A       1%          2
 Swiftness                Air            61%        N/A       1%          3
 Slow                     Hex            24%        N/A       3%          2
 Animate Skeleton         Necr           26%        N/A       6%          1
 Pain                     Necr           52%        1d6       6%          1
 Confusing Touch          Hex            24%        N/A       6%          3
 Gell's Gravitas          Tloc           11%        N/A       8%          3
 Call Imp                 Summ           13%        N/A       10%         2
 Vampiric Draining        Necr           6%         2d6       19%         3
 Yara's Violent Unravell  Hex/Tmut       9%         3d6       26%         5
 Animate Dead             Necr           6%         N/A       54%         4
 Petrify                  Tmut/Erth      13%        N/A       54%         4
 Metabolic Englaciation   Hex/Ice        11%        N/A       61%         5
 Agony                    Necr           13%        N/A       87%         5


Dungeon Overview and Level Annotations

Branches:
Dungeon (12/15)            Temple (1/1) D:4            Lair (5/6) D:8
  Swamp (0/4) Lair:2       Spider (0/4) Lair:4          Orc (0/2) D:11
Volcano (1/1)
  Slime: Lair:5-6

Altars:
Ashenzari
Cheibriados
Dithmenos
Elyvilon
Fedhas
Gozag
Hepliaklqana
Kikubaaqudgha
Makhleb
Nemelex Xobeh
Okawaru
Qazlal
Ru
Sif Muna
Trog
Uskayaw
Vehumet
Wu Jian
Xom
Yredelemnul
Zin
The Shining One
Beogh

Shops:
D:2 [[**   D:8 (

Portals:
Gauntlet: D:12

Annotations:
D:3 3 runed translucent doors, ZappyNine's ghost, amateur HuWr
D:12 Kirke; Urug
Lair:2 exclusion: oklob plant


Innate Abilities, Weirdness & Mutations

You have a beak for a mouth.
You have claws for feet.
Your magical nature lets you fly swiftly and evasively.


Message History

Unknown command.
Casting: Lightning Bolt (dangerous; 1% risk of failure)
Confirm with . or Enter, or press ? or * to list all spells.
Aiming: Lightning Bolt (dangerous; 1% risk of failure)
Press: ? - help, Shift-Dir - straight line You feel a surge of power!
You hear a mighty clap of thunder!
The bolt of lightning misses the smoke demon. x2
You hear an angry hiss.
The smoke demon gestures at you. Something smites you!
Casting: Lightning Bolt (dangerous; 1% risk of failure)
Confirm with . or Enter, or press ? or * to list all spells.
Aiming: Lightning Bolt (dangerous; 1% risk of failure)
Press: ? - help, Shift-Dir - straight line You feel a surge of power!
You hear a mighty clap of thunder!
The bolt of lightning hits the smoke demon!
You kill the smoke demon!
Vehumet accepts your kill.
You feel your power returning.
You hear an angry hiss.
Casting: Lightning Bolt (dangerous; 1% risk of failure)
Confirm with . or Enter, or press ? or * to list all spells.
Aiming: Lightning Bolt (dangerous; 1% risk of failure)
Press: ? - help, Shift-Dir - straight line You feel a surge of power!
You hear a mighty clap of thunder!
The bolt of lightning hits the smoke demon!!!
You kill the smoke demon!
Vehumet accepts your kill.
You hear an angry hiss.
You start resting.
A sun demon comes into view.
The sun demon shouts!
You hear an angry hiss.
You hear a shout!
A sun demon comes into view.
The sun demon hits you!!
* * * LOW HITPOINT WARNING * * *
You are engulfed in flames!!
You die...

#........#
########.....#..#
##...........##..#
#...........##..##
.#####.......3..###3.#
....≈.........####..##
......§3.....####.†.#
....3§.####3####...##
......# ##@....[.#
#..... #........#
#.... #.......## #...#
#.......## ....
#≈§.....## ...
#..§§..## ..§..####
...... ....§#


You could see a sun demon.

Vanquished Creatures
  Rupert (Lair:3)
  Gastronok (Lair:3)
  4 hydras
  A two-headed ogre (D:6)
  Sonja (Lair:5)
  A lindwurm (Lair:4)
  Pikel (D:7)
  5 oklob plants
  An elephant (D:8)
  2 black mambas (Lair:1)
  A torpor snail (Lair:4)
  Maggie (D:7)
  15 cane toads
  A kobold demonologist (D:10)
  3 smoke demons (Volcano)
  11 komodo dragons
  4 rime drakes
  A hornet (D:10)
  A jumping spider (Lair:4)
  22 blink frogs
  A meliai zombie (D:10)
  2 wraiths (D:12)
  6 wyverns
  72 yaks
  7 basilisks
  3 steam dragons (Volcano)
  A vampire mosquito (D:11)
  3 acid dragons
  12 water moccasins
  A hell hound (Volcano)
  5 orc warriors
  2 ice beasts
  4 black bears
  2 sky beasts
  A necrophage (D:6)
  6 ogres
  10 wolves
  13 centaurs
  A phantom (D:6)
  2 kobold brigands
  22 bullfrogs
  2 scorpions
  A water moccasin skeleton (D:5)
  6 killer bees (D:10)
  3 wights (D:7)
  A centaur zombie (D:9)
  3 jellies
  A bullfrog skeleton (D:5)
  Crazy Yiuf (D:7)
  2 centaur skeletons
  4 hounds
  4 orc priests
  3 iguanas
  8 orc wizards
  A killer bee zombie (D:7)
  2 hound skeletons
  A howler monkey zombie (D:9)
  6 gnolls
  8 adders
  A shadow imp (D:8)
  3 white imps
  An ufetubus (D:4)
  2 worms (D:3)
  2 dart slugs
  37 orcs
  5 ball pythons
  14 endoplasms
  A giant cockroach (D:4)
  5 goblins
  7 hobgoblins
  4 jackals (D:4)
  3 quokkas
  7 bats
  A frilled lizard (D:1)
  21 kobolds
  3 rats (D:3)
428 creatures vanquished.

Vanquished Creatures (others)
  A human (D:4)
  An orc (D:7)
  A bush (Lair:2)
  5 fulminant prisms
  42 fungi
  62 plants
  8 toadstools (D:4)
120 creatures vanquished.

Grand Total: 548 creatures vanquished

Notes
Turn   | Place    | Note
-------+----------+-------------------------------------------
     0 | D:1      | SolCadguy the Tengu Conjurer began the quest for the Orb.
     0 | D:1      | Reached XP level 1. HP: 10/10 MP: 4/4
   305 | D:1      | Reached XP level 2. HP: 15/15 MP: 4/6
   363 | D:1      | Reached skill level 6 in Conjurations
   548 | D:1      | Learned a level 2 spell: Searing Ray
  1203 | D:2      | Found Unasuw's General Store.
  1245 | D:2      | Found Qucylea's General Store.
  1266 | D:2      | Bought a scroll of identify for 22 gold pieces
  1268 | D:2      | Found Hufrat's Antique Armour Shoppe.
  1307 | D:2      | Found a faded altar of an unknown god.
  1346 | D:2      | Reached XP level 3. HP: 19/19 MP: 5/7
  1383 | D:2      | Learned a level 3 spell: Dazzling Flash
  1679 | D:2      | Reached skill level 1 in Armour
  1961 | D:2      | Found Hafuorpho's Antique Armour Emporium.
  2046 | D:3      | Reached XP level 4. HP: 24/24 MP: 2/8
  2126 | D:3      | Found a runed translucent gate.
  2129 | D:3      | Found a runed translucent gate.
  2129 | D:3      | Found a runed translucent gate.
  2129 | D:3      | Noticed ZappyNine's ghost (amateur HuWr)
  2448 | D:3      | Found a white marble altar of Elyvilon.
  2519 | D:3      | Found a basalt altar of Yredelemnul.
  2660 | D:3      | Gained mutation: Your magical nature lets you fly swiftly
                  | and evasively. [Tengu growth]
  2660 | D:3      | Reached XP level 5. HP: 14/28 MP: 5/10
  2823 | D:3      | Learned a level 4 spell: Fulminant Prism
  2969 | D:3      | Found a hazy altar of Hepliaklqana.
  2979 | D:3      | Found a snail-covered altar of Cheibriados.
  3195 | D:4      | Noticed a black bear
  3216 | D:3      | Killed a black bear
  3217 | D:3      | Reached skill level 7 in Conjurations
  3217 | D:3      | Reached XP level 6. HP: 23/32 MP: 7/11
  3533 | D:4      | Reached skill level 1 in Hexes
  3682 | D:4      | Reached skill level 1 in Maces & Flails
  3693 | D:4      | Reached skill level 8 in Conjurations
  3706 | D:4      | Reached XP level 7. HP: 30/36 MP: 6/12
  3887 | D:4      | Found a staircase to the Ecumenical Temple.
  4002 | Temple   | Entered the Ecumenical Temple
  4112 | Temple   | Became a worshipper of Vehumet
  4202 | D:4      | Found an iron altar of Okawaru.
  4897 | D:4      | Found an ancient bone altar of Kikubaaqudgha.
  4898 | D:4      | Noticed a human
  4900 | D:4      | Killed a human
  5199 | D:5      | Entered Level 5 of the Dungeon
  5382 | D:4      | Reached * piety under Vehumet
  5382 | D:4      | Offered knowledge of Freeze by Vehumet.
  5386 | D:4      | Learned a level 1 spell: Freeze
  5493 | D:5      | Reached skill level 5 in Spellcasting
  5493 | D:5      | Reached skill level 1 in Ice Magic
  5493 | D:5      | Reached XP level 8. HP: 12/41 MP: 3/16
  6001 | D:4      | Identified a scroll of acquirement
  6001 | D:4      | Acquired a book of Minor Magic
  6007 | D:4      | Learned a level 2 spell: Blink
  6011 | D:4      | Learned a level 3 spell: Mephitic Cloud
  6061 | D:5      | Reached skill level 1 in Fighting
  6748 | D:6      | Found the amulet of the Air {Inacc Air Fly rElec RMsl}
  6837 | D:6      | Noticed a two-headed ogre
  7496 | D:6      | Found a shadowy altar of Dithmenos.
  7555 | D:6      | Reached XP level 9. HP: 52/52 MP: 13/19
  7661 | D:6      | Killed a two-headed ogre
  7662 | D:6      | Reached skill level 5 in Dodging
  7706 | D:6      | Learned a level 3 spell: Conjure Flame
  7760 | D:6      | Reached skill level 5 in Fighting
  8181 | D:6      | Reached skill level 1 in Air Magic
  8321 | D:7      | Reached ** piety under Vehumet
  8355 | D:7      | Offered knowledge of Sandblast by Vehumet.
  8478 | D:7      | Noticed Maggie
  8494 | D:7      | Noticed Pikel
  8500 | D:7      | Killed Pikel
  8501 | D:7      | Reached skill level 9 in Conjurations
  8501 | D:7      | Reached XP level 10. HP: 58/60 MP: 3/21
  8675 | D:7      | Killed Maggie
  8872 | D:7      | Found a glowing golden altar of the Shining One.
  8932 | D:7      | Found a runed translucent door.
  8933 | D:7      | Noticed Crazy Yiuf
  9046 | D:7      | Identified the ring of the Okapi {rPois Will+ Str+4 Slay-6}
  9124 | D:7      | Found a sacrificial altar of Ru.
  9224 | D:7      | Killed Crazy Yiuf
  9541 | D:8      | Reached skill level 1 in Staves
  9541 | D:8      | Reached skill level 10 in Conjurations
  9704 | D:8      | Noticed an elephant
  9718 | D:8      | Found Xir Luuj's Antique Weapon Shoppe.
  9873 | D:8      | Offered knowledge of Inner Flame by Vehumet.
  9925 | D:8      | Learned a level 4 spell: Iskenderun's Mystic Blast
 10010 | D:8      | Found a staircase to the Lair.
 10460 | D:8      | Found a blossoming altar of Fedhas.
 10464 | D:8      | Reached *** piety under Vehumet
 10597 | D:8      | Killed an elephant
 10598 | D:8      | Reached skill level 1 in Translocations
 11094 | D:9      | Noticed a kobold demonologist
 11654 | D:9      | Found an ornate altar of the Wu Jian Council.
 11808 | D:9      | Reached XP level 11. HP: 66/66 MP: 21/24
 11943 | D:9      | Identified the +6 great sword "Patoym" {vorpal, rPois
                  | Dex+3}
 12064 | D:9      | Reached skill level 5 in Staves
 12170 | D:10     | Entered Level 10 of the Dungeon
 12403 | D:10     | Offered knowledge of Hailstorm by Vehumet.
 12756 | D:10     | Reached skill level 1 in Fire Magic
 13206 | D:10     | Noticed a +0 dagger
 13207 | D:10     | Noticed a +0 hand axe
 13210 | D:10     | Found a hide-covered altar of Uskayaw.
 13651 | D:11     | Found a staircase to the Orcish Mines.
 14158 | D:11     | Reached **** piety under Vehumet
 14278 | D:11     | Learned a level 5 spell: Lightning Bolt
 14525 | D:12     | Found a gate leading to a gauntlet.
 14525 | D:12     | Noticed Urug
 14525 | D:12     | Noticed Kirke
 14525 | D:12     | Noticed a cyclops
 14704 | D:12     | Offered knowledge of Freezing Cloud by Vehumet.
 14724 | D:12     | Noticed a two-headed ogre
 14877 | Lair:1   | Entered Level 1 of the Lair of Beasts
 15093 | Lair:1   | Reached skill level 5 in Air Magic
 15652 | Lair:1   | Reached XP level 12. HP: 71/71 MP: 20/26
 16367 | Lair:1   | Reached skill level 11 in Conjurations
 17589 | Lair:2   | Noticed a five-headed hydra
 17658 | Lair:2   | Killed a five-headed hydra
 17782 | Lair:2   | Reached skill level 10 in Spellcasting
 17786 | Lair:2   | Reached ***** piety under Vehumet
 17786 | Lair:2   | Offered knowledge of Ozocubu's Refrigeration by Vehumet.
 18064 | Lair:2   | Noticed a four-headed hydra
 18073 | Lair:2   | Killed a four-headed hydra
 18292 | Lair:2   | Found a staircase to the Swamp.
 18437 | Lair:2   | Found a blossoming altar of Fedhas.
 18547 | Lair:2   | Reached XP level 13. HP: 66/80 MP: 25/28
 19224 | Lair:3   | Noticed Gastronok
 19450 | Lair:2   | Learned a level 4 spell: Airstrike
 19654 | Lair:3   | Reached skill level 10 in Fighting
 20012 | Lair:3   | Killed Gastronok
 20013 | Lair:3   | Reached skill level 5 in Armour
 20013 | Lair:3   | Reached skill level 12 in Conjurations
 20165 | Lair:3   | Noticed Rupert
 20445 | Lair:3   | Upgraded the game from 0.27-a0-1291-geefcff550b to
                  | 0.27-a0-1299-g1ab19c6527
 20816 | Lair:3   | Killed Rupert
 20817 | Lair:3   | Reached skill level 13 in Conjurations
 22464 | Lair:4   | Reached skill level 14 in Conjurations
 22922 | Lair:4   | Reached XP level 14. HP: 66/88 MP: 10/30
 23316 | Lair:4   | Reached skill level 10 in Dodging
 23696 | Lair:4   | Found a hole to the Spider Nest.
 24097 | Lair:5   | Noticed Sonja
 24111 | Lair:5   | Killed Sonja
 24268 | Lair:5   | Found a dark tunnel.
 24273 | Volcano  | Entered a volcano
 24378 | Volcano  | Slain by a sun demon

Illustrated notes

Levels and vault maps discovered:
D:1:      tarquinn_simple_flora_water_b, layout_basic, serial_bayou_pond_e,
          minmay_split_cup_small
D:2:      layout_basic, serial_shops, nicolae_shop_statue_plus,
          nicolae_shop_crystal, nicolae_shop_statue_plus,
          nicolae_shop_overgrown_old_shop, basic_ecumenical_altar
D:3:      layout_loops_cross, kennysheep_ying_yang, grunt_temple_overflow_open,
          biasface_ghost_orc_armoury, kennysheep_big_empty_room
D:4:      cheibrodos_fertilizer, layout_loops_corners, tgw_kikubaaqudgha,
          okawaru_gym_becter, minmay_temple_entry_gardened_gates
D:5:      layout_cave_pools
D:6:      layout_basic, nicolae_dithmenos_through_a_glass_darkly
D:7:      layout_cave_pools, general_overflow_altar,
          nicolae_ru_the_path_less_chosen, uniq_pikel, uniq_crazy_yiuf_cottage,
          uniq_maggie
D:8:      layout_cave_pools, nicolae_overflow_hidden_temple, david_lair_generic,
          serial_shops, nicolae_shop_behind_doors, palyth_stone_intersect
D:9:      layout_basic, pdpol_wu_jian_five_deadly_venoms, centaur_isle
D:10:     layout_basic, dancing_weapons_uskayaw
D:11:     layout_loops_ring, orc_david_3
D:12:     minmay_the_grid_four_pointed_star [minmay_the_grid_triangle_9x9_sprig,
          minmay_the_grid_triangle_9x9_zippers_horizontal,
          minmay_the_grid_triangle_9x9_windchime,
          minmay_the_grid_triangle_9x9_from_above,
          minmay_the_grid_prize_inner_circle], layout_rooms,
          gauntlet_entry_generic, uniq_urug, uniq_kirke, uniq_fannar
Temple:   compressed_dpeg_circular_temple
Lair:1:   layout_cave_pods, grunt_megastairs_2
Lair:2:   nzn_winding_woodlands_stair_cross [nzn_winding_woodlands_5x15_parted,
          nzn_winding_woodlands_center_diamonds,
          nzn_winding_woodlands_5x15_pockets, nzn_winding_woodlands_5x5_three,
          nzn_winding_woodlands_5x5_cross, nzn_winding_woodlands_5x15_sawtooth,
          nzn_winding_woodlands_center_garden,
          nzn_winding_woodlands_5x15_garden], layout_loops_ring, swamp_mist,
          tgw_fedhas
Lair:3:   layout_gridlike, uniq_rupert, uniq_gastronok
Lair:4:   layout_misc_corridors, spider_nest_entry_rubble, grunt_megastairs_3,
          minmay_lair_oklob_chamber, serial_bayou_shore_b
Lair:5:   layout_roguey, enter_volcano_4, uniq_sonja
Volcano:  hellmonk_smoking_crater

Skill      XL: |  1  2  3  4  5  6  7  8  9 10 11 12 13 14 |
---------------+-------------------------------------------+-----
Conjurations   | 6 7 8 9 10 11 14 | 14.0
Armour         | 1 2 4 5 7 |  7.2
Spellcasting   | 3 5 6 7 8 9 10 11 12 | 12.1
Dodging        | 3 4 7 8 9 10 | 10.0
Hexes          | 1 2 |  2.6
Maces & Flails | 1 2 |  2.1
Ice Magic      | 1 |  1.3
Fighting       | 3 6 9 10 | 10.0
Air Magic      | 1 5 7 |  7.1
Staves         | 4 7 |  7.9
Translocations | 2 |  2.3
Fire Magic     | 1 |  1.1
Stealth        | |  2.0
Poison Magic   | |  0.3

Action                   |  1- 3 |  4- 6 |  7- 9 | 10-12 | 13-15 || total
-------------------------+-------+-------+-------+-------+-------++-------
Melee: Dagger            |    29 |       |       |       |       ||    29
       Kick              |     7 |     6 |    13 |    21 |    59 ||   106
       Peck              |     5 |     5 |    11 |    18 |    37 ||    76
       Whip              |     9 |    26 |    76 |    10 |       ||   121
       Quarterstaff      |       |       |       |   100 |   149 ||   249
Throw: Stone             |     2 |       |       |       |       ||     2
       Dart              |     1 |    18 |    25 |    21 |    19 ||    84
 Cast: Magic Dart        |    24 |    18 |    95 |    56 |    52 ||   245
       Searing Ray       |    11 |    14 |    49 |   113 |    60 ||   247
       Mephitic Cloud    |       |       |     7 |    24 |     7 ||    38
       Dazzling Flash    |       |       |     2 |     9 |     3 ||    14
       Blink             |       |       |       |    19 |     5 ||    24
       Freeze            |       |       |       |     7 |     3 ||    10
       Fulminant Prism   |       |       |       |     3 |     2 ||     5
       Lightning Bolt    |       |       |       |    21 |    37 ||    58
       Conjure Flame     |       |       |       |     2 |       ||     2
       Airstrike         |       |       |       |       |    36 ||    36
       Iskenderun's Myst |       |       |       |       |    11 ||    11
Evoke: Wand              |       |       |     3 |     2 |     3 ||     8
  Use: Scroll            |     2 |       |     6 |    13 |     1 ||    22
       Potion            |       |       |       |     4 |     2 ||     6
 Stab: Sleeping          |     1 |       |     1 |     1 |       ||     3
       Paralysed         |       |       |       |     3 |       ||     3
       Confused          |       |       |       |     1 |       ||     1
       Invisible         |       |       |       |     1 |     1 ||     2
       Distracted        |       |       |       |     1 |       ||     1
Armor: Robe              |    12 |       |       |       |       ||    12
       Leather armour    |     5 |     6 |    13 |       |       ||    24
       Steam dragon scal |       |       |       |    61 |     8 ||    69
       Acid dragon scale |       |       |       |       |    22 ||    22
Dodge: Dodged            |    20 |    18 |    69 |   234 |   168 ||   509
       Repelled          |       |       |       |       |     9 ||     9

Table legend: (Time is in decaauts)
 A = Elapsed time spent in this place.
 B = Non-inter-level travel time spent in this place.
 C = Inter-level travel time spent in this place.
 D = Time resting spent in this place.
 E = Time spent auto-exploring this place.
 F = Levels seen in this place.
 G = Mean time per level.
                   A        B        C        D        E       F      G
               +--------+--------+--------+--------+--------+-----+--------+
         Total |  23373 |  22413 |    960 |   7265 |  11021 |  19 | 1230.2 |
       Dungeon |  14518 |  13862 |    656 |   3901 |   7646 |  12 | 1209.8 |
        Temple |    113 |    101 |     12 |      0 |     77 |   1 |  113.0 |
          Lair |   8643 |   8352 |    291 |   3350 |   3297 |   5 | 1728.6 |
       Volcano |     98 |     98 |      0 |     13 |      0 |   1 |   98.0 |
               +--------+--------+--------+--------+--------+-----+--------+

Top non-repeatable levels by time:
  Lair:2: 2443 daAuts
     D:4: 2322 daAuts
  Lair:1: 2204 daAuts
  Lair:3: 1930 daAuts
     D:8: 1695 daAuts
  Lair:4: 1622 daAuts
    D:11: 1307 daAuts
    D:10: 1304 daAuts
     D:6: 1300 daAuts
     D:3: 1266 daAuts
     D:7: 1164 daAuts
     D:9: 1110 daAuts
     D:1: 1030 daAuts
     D:5: 992 daAuts
     D:2: 972 daAuts
